 Dungeon Crawl Stone Soup version 0.16-a0-1858-gba9b1e2 (console) character file.

1195 Kellhus the Martial Artist (level 8, 48/48 HPs)
             Began as an Octopode Transmuter on Nov 4, 2014.
             Quit the game in the Ecumenical Temple.
             The game lasted 00:10:20 (6712 turns).

Kellhus the Martial Artist (Octopode Transmuter)    Turns: 6712, Time: 00:10:20

Health: 48/48      AC:  1    Str: 11    XL:     8   Next: 44%
Magic:  22/22      EV: 12    Int: 15    God:
Gold:   322        SH:  0    Dex: 14    Spells: 2 memorised, 7 levels left

rFire  + . .     SeeInvis .       - Unarmed
rCold  . . .     Clarity  .     (no shield)
rNeg   . . .     SustAb   .     (helmet restricted)
rPois  +         Gourm    .     S - amulet of guardian spirit
rElec  .         Spirit   +     g - ring of magical power
rCorr  .         Warding  .     m - ring of stealth
rMut   .         Stasis   .     o - ring of poison resistance
MR     .....                    t - +1 ring of strength
Stlth  +++.......               G - ring of protection from fire
                                K - +4 ring of slaying
                                (no ring)
                                (no ring)

@: not resistant to hostile enchantments, fairly stealthy
A: almost no armour, amphibious, 8 rings, constrict 8, camouflage 1, gelatinous
body 1
a: no special abilities


You were in the Ecumenical Temple.
You were not hungry.

You visited 2 branches of the dungeon, and saw 7 of its levels.
You also visited: Sewer.

You collected 322 gold pieces.

Inventory:

Hand weapons
 e - a +0 blowgun
 z - the +4 whip of Slow Death {slash, Str+1 Dex+4, unknown}
   (You found it on level 5 of the Dungeon)

   It inflicts extra damage upon your enemies.
   It affects your strength (+1).
   It affects your dexterity (+4).
Missiles
 b - 59 arrows
 Q - 9 poisoned needles
Jewellery
 g - a ring of magical power (left tentacle)
 m - a ring of stealth (right tentacle)
 o - a ring of poison resistance (on tentacle)
 t - a +1 ring of strength (on tentacle)
 G - a ring of protection from fire (on tentacle)
 K - a +4 ring of slaying (on tentacle)
 S - an amulet of guardian spirit (around mantle)
Magical devices
 x - a wand of polymorph (16)
 y - a wand of teleportation (5)
 E - a wand of heal wounds (3)
 J - a wand of frost (18)
Scrolls
 h - 3 scrolls of magic mapping {unknown}
 i - 2 scrolls of amnesia {unknown}
 n - 4 scrolls of remove curse {unknown}
 q - a scroll of recharging {unknown}
 B - a scroll of enchant weapon {unknown}
 C - a scroll of vulnerability {unknown}
 D - a scroll of enchant armour {unknown}
 F - a scroll of brand weapon {unknown}
 O - a scroll of blinking {unknown}
 P - 2 scrolls of fear {unknown}
Potions
 c - 7 potions of heal wounds
 f - a potion of cure mutation
 p - 6 potions of curing
 r - a potion of invisibility
 s - a potion of brilliance
 u - 2 potions of might
 v - a potion of haste
 I - 2 potions of agility {unknown}
 L - a potion of restore abilities {unknown}
 M - a potion of resistance {unknown}
 N - a potion of flight {unknown}
 R - a potion of berserk rage {unknown}
Books
 d - a book of Changes

   Spells                             Type                      Level
   *Beastly Appendage                 Transmutation                1
   Sticks to Snakes                   Transmutation                2
   *Spider Form                       Transmutation/Poison         3
   Ice Form                           Ice/Transmutation            4
   Blade Hands                        Transmutation                5
 w - a book of Power

   Spells                             Type                      Level
   Fulminant Prism                    Conjuration/Hexes            4
   Iskenderun's Mystic Blast          Conjuration                  4
   Venom Bolt                         Conjuration/Poison           5
   Bolt of Magma                      Conjuration/Fire/Earth       5
   Iron Shot                          Conjuration/Earth            6
   Orb of Destruction                 Conjuration                  7
 H - a book of Geomancy

   Spells                             Type                      Level
   Sandblast                          Earth                        1
   Stoneskin                          Transmutation/Earth          2
   Passwall                           Transmutation/Earth          3
   Stone Arrow                        Conjuration/Earth            3
   Petrify                            Transmutation/Earth          4
   Lee's Rapid Deconstruction         Earth                        5
Comestibles
 a - 4 bread rations
 j - 6 fruits
 k - 3 meat rations
 l - 3 slices of pizza
 A - a beef jerky


   Skills:
 - Level 1.0 Fighting
 - Level 2.0 Dodging
 + Level 8.9 Unarmed Combat
 - Level 2.0 Spellcasting
 - Level 5.5 Transmutations


You had 7 spell levels left.
You knew the following spells:

 Your Spells              Type           Power        Failure   Level  Hunger
a - Beastly Appendage     Trmt           ###...       1%          1    #......
s - Spider Form           Trmt/Pois      #.........   24%         3    ###....


Dungeon Overview and Level Annotations

Branches:
Dungeon (6/15)             Temple (1/1) D:4

Altars:
Ashenzari
Cheibriados
Dithmenos
Elyvilon
Fedhas
Gozag
Kikubaaqudgha
Makhleb
Okawaru
Qazlal
Ru
Sif Muna
Trog
Vehumet
Xom
Yredelemnul
Zin
The Shining One

Shops:
D:4 :


Innate Abilities, Weirdness & Mutations

You cannot wear most types of armour.
You are amphibious.
You can wear up to eight rings at the same time.
You can use your tentacles to constrict many enemies at once.
Your skin changes colour to match your surroundings (Stealth).
Your rubbery body absorbs attacks (AC +1).


Message History

There is a glowing silver altar of Zin here.
Found a blossoming altar of Fedhas.
There is a snail-covered altar of Cheibriados here.
There is a snail-covered altar of Cheibriados here.
Found a shattered altar of Ashenzari.
There is a shimmering altar of Xom here.
There is a shadowy altar of Dithmenos here.
There is a white marble altar of Elyvilon here.
There is a stormy altar of Qazlal here.
There is a shattered altar of Ashenzari here.
There is a blossoming altar of Fedhas here.
Saving game... please wait.
Welcome back, Kellhus the Octopode Transmuter.
Press ? for a list of commands and other information.
Drink which item? (? for menu, Esc to quit)
Okay, then.
Saving game... please wait.
Welcome back, Kellhus the Octopode Transmuter.
Press ? for a list of commands and other information.
Are you sure you want to abandon this character and quit the game? (Confirm with "yes".)

♣♣♣♣♣♣♣♣♣♣♣♣♣♣♣
♣♣♣♣♣..............
♣♣♣.........♣........
♣♣♣♣....♣..........♣..P.
♣♣PP....P.......♣.P......
♣♣♣P......♣♣♣...P..♣.......
♣P......#################..
♣♣.P♣...#.............#.8..
♣♣.♣♣♣..#._._._._._._.#....
♣♣..♣♣...#.............#.8..
♣...♣.P♣♣#.@._._._._._.'....
♣♣♣..P♣♣ #.............#.8..
♣....♣♣#._._._._._._.#....
♣♣..♣..#.............#.8..
♣.PP...#################..
♣PPPP.....................
♣♣♣♣♣♣........P♣.....P.♣♣♣
♣♣♣♣♣♣..P......♣♣♣♣
♣♣♣♣♣♣♣♣♣♣♣


There were no monsters in sight!

Vanquished Creatures
  Edmund (D:4)
  An ice beast (D:5)
  4 ogres
  A big kobold (Sewer)
  A scorpion (D:4)
  2 goliath beetles
  A jelly (D:5)
  A centaur skeleton (D:5)
  A hound (D:4)
  An orc wizard (D:6)
  A worker ant (D:4)
  8 adders
  4 gnolls (D:6)
  5 green rats (Sewer)
  6 worms
  An iguana skeleton (D:5)
  4 oozes
  7 orcs
  4 ball pythons
  A bat skeleton (D:4)
  8 giant cockroaches
  8 goblins
  7 hobgoblins
  13 jackals
  22 kobolds
  3 quokkas (D:5)
  8 bats
  3 giant geckos
  5 giant newts
  A giant spore (D:6)
  A goblin skeleton (D:5)
  29 rats
  A rat zombie (D:5)
164 creatures vanquished.

Vanquished Creatures (others)
  A hobgoblin (D:4)
1 creature vanquished.

Grand Total: 165 creatures vanquished

Notes
Turn   | Place    | Note
--------------------------------------------------------------
     0 | D:1      | Kellhus, the Octopode Transmuter, began the quest for the Orb.
     0 | D:1      | Reached XP level 1. HP: 13/13 MP: 3/3
    94 | D:1      | Reached XP level 2. HP: 8/18 MP: 4/4
   491 | D:1      | Reached skill level 4 in Unarmed Combat
   899 | D:1      | Reached XP level 3. HP: 23/23 MP: 6/6
  1476 | D:2      | Reached XP level 4. HP: 6/28 MP: 7/7
  1575 | D:2      | Reached skill level 5 in Unarmed Combat
  2283 | D:3      | Noticed an ogre
  2345 | D:4      | Learned a level 3 spell: Spider Form
  2352 | D:3      | Killed an ogre
  2352 | D:3      | Reached skill level 6 in Unarmed Combat
  2352 | D:3      | Reached XP level 5. HP: 33/33 MP: 9/9
  3049 | D:4      | Found Grobb's Book Emporium.
  3142 | D:4      | Noticed an ogre
  3153 | D:4      | Killed an ogre
  3153 | D:4      | Reached XP level 6. HP: 36/38 MP: 7/10
  3463 | D:4      | Found a staircase to the Ecumenical Temple.
  3557 | D:4      | Noticed Edmund
  3587 | D:4      | Killed Edmund
  3587 | D:4      | Reached XP level 7. HP: 10/43 MP: 12/12
  3840 | D:4      | Noticed an ogre
  3848 | D:4      | Killed an ogre
  3848 | D:4      | Reached skill level 5 in Transmutations
  4110 | D:4      | Noticed an ogre
  4119 | D:4      | Killed an ogre
  4225 | D:5      | Entered Level 5 of the Dungeon
  4455 | D:5      | Reached skill level 7 in Unarmed Combat
  4689 | D:5      | Got a polished whip
  4760 | D:5      | Reached XP level 8. HP: 7/48 MP: 13/13
  5108 | D:6      | Reached skill level 8 in Unarmed Combat
  5140 | D:6      | Found a radiant altar of Vehumet.
  5370 | D:6      | Found a glowing drain.
  5408 | Sewer    | Entered a sewer
  6598 | Temple   | Entered the Ecumenical Temple
  6712 | Temple   | Quit the game

Action                   |  1- 3 |  4- 6 |  7- 9 || total
-------------------------+-------+-------+-------++-------
Melee: Unarmed           |    80 |   104 |   180 ||   364
 Cast: Spider Form       |       |     5 |    17 ||    22
Evoke: Wand              |       |       |     1 ||     1
  Use: Scroll            |       |       |     7 ||     7
 Stab: Sleeping          |     3 |     7 |     9 ||    19
  Eat: Chunk             |     1 |     7 |     9 ||    17
       Pizza             |       |       |     1 ||     1
       Bread ration      |       |       |     1 ||     1
       Fruit             |       |       |     1 ||     1
